[Event "21st Maccabiah GM 2022"]
[Site "?"]
[Date "2022.07.21"]
[Round "8.3"]
[White "Yarmonov, Igor"]
[Black "Alekseev, Evgeny"]
[Result "0-1"]
[ECO "D00"]
[WhiteElo "2372"]
[BlackElo "2601"]
[Annotator "TA"]
[PlyCount "144"]
[EventDate "2022.07.13"]
[EventType "tourn"]
[EventCountry "ISR"]
[SourceTitle "playchess.com"]
[Source "ChessBase"]
[SourceQuality "1"]
[TimeControl "40/5400+30:1800+30"]

1. d4 d5 2. Bf4 Nf6 3. c3 e6 4. e3 c5 5. Nd2 Nc6 6. Bd3 Be7 {[%emt 0:02:05] D00: 1 d4 d5: Unusual lines.} 7. h3 Bd6 8. Bxd6 Qxd6 {[%emt 0:00:01] The position is equal.} 9. Ngf3 O-O 10. O-O e5 11. dxe5 Nxe5 12. Nxe5 Qxe5 13. Re1 Rd8 {[%emt 0:03:10] [#]} 14. Rc1 $146 ({Predecessor:} 14. e4 Bxh3 15. gxh3 dxe4 16. Nxe4 c4 17. Nxf6+ Qxf6 18. Bxh7+ Kxh7 19. Qh5+ Kg8 20. Re2 {0-1 (39) Kaliksteyn,A (2391)-Guo,A (2422) New York 2021}) 14... h6 15. Bb1 Be6 16. Qf3 Qg5 17. a3 Rac8 18. Nf1 Nd7 19. Qg3 Nb6 20. Qxg5 hxg5 21. Bd3 Na4 22. Rb1 a6 23. Bc2 b5 24. Red1 Nb6 25. Bd3 Kf8 26. Ng3 g6 27. Ne2 Nc4 28. b4 d4 $1 29. exd4 Nxa3 30. Ra1 cxb4 31. cxb4 Nc2 {[%emt 0:00:26] Black is much more active.} 32. Rxa6 Nxd4 33. Raa1 Bb3 34. Rdc1 Rxc1+ 35. Nxc1 Ba4 36. Rb1 Nc6 37. Be2 $1 Rd2 38. Kf1 $1 Ne5 39. Ke1 Rd4 40. Na2 Nd3+ 41. Bxd3 Rxd3 $11 {[%emt 0:30:02][%mdl 4096] Endgame KRB-KRN} 42. Ke2 Ra3 43. Rb2 Bb3 44. Nc3 Bc4+ 45. Kd2 Ke7 46. Rb1 f5 47. Kc2 Ra8 48. Rd1 Ke6 49. Re1+ Kd6 50. Kb2 Kc6 51. Re3 Rd8 52. Kc2 {[%emt 0:00:00] Prevents Rd2+.} Rd4 53. Re7 (53. g3 $11) 53... Rf4 (53... Bd3+ $17 54. Kb3 Bf1) 54. f3 Rd4 55. Rg7 Bd3+ 56. Kb3 Rd6 57. g3 f4 (57... Bf1 $15) 58. gxf4 gxf4 {[%emt 0:00:00] [#] aiming for ...Bf5.} 59. h4 Bf5 {[%emt 0:00:00] ...Rd2 is the strong threat.} 60. h5 Rd2 (60... gxh5 $5 61. Rg5 Be6+ 62. Kc2 Bf7 63. Nxb5 (63. Rc5+ Kd7 $15) 63... Rh6 $15) 61. Re7 {[%emt 0:00:00] Inhibits Be6+.} ({Not} 61. hxg6 $2 Be6+ 62. Ka3 Rc2 $19) (61. h6 $1 $11 {keeps the balance.}) 61... gxh5 (61... Kd6 $17 62. Re1 Be6+ 63. Ka3 Rd3) 62. Re5 (62. Nxb5 $5 h4 63. Re5 $15) 62... Bg6 63. Nxb5 h4 64. Re6+ Kxb5 65. Rxg6 {[%emt 0:00:16] KR-KR} Rd3+ 66. Kc2 Rxf3 {[%emt 0:00:08] [#] Hoping for ...Kc4.} 67. Kd2 $1 h3 68. Rh6 Rf2+ 69. Ke1 Rh2 70. Kf1 f3 71. Rf6 $2 (71. Rh4 $11) 71... Ra2 72. Rxf3 Ra1+ {[%emt 0:00:02] Weighted Error Value: White=0.07 (flawless) /Black=0.06 (flawless)} 0-1

[Event "21st Maccabiah GM 2022"]
[Site "?"]
[Date "2022.07.21"]
[Round "8.4"]
[White "Parkhov, Yair"]
[Black "Kobo, Ori"]
[Result "1/2-1/2"]
[ECO "D35"]
[WhiteElo "2468"]
[BlackElo "2534"]
[Annotator "TA"]
[PlyCount "39"]
[EventDate "2022.07.13"]
[EventType "tourn"]
[EventCountry "ISR"]
[SourceTitle "playchess.com"]
[Source "ChessBase"]
[SourceQuality "1"]
[TimeControl "40/5400+30:1800+30"]

1. d4 d5 2. c4 e6 3. cxd5 exd5 4. Nf3 Nf6 5. Nc3 Nbd7 6. Bg5 c6 7. e3 h6 {[%emt 0:00:30] D35: Queen's Gambit Declined: Exchange Variation.} 8. Bf4 Nh5 9. Bd3 (9. Be5 $5) 9... Nxf4 {[%emt 0:06:20] Black has an edge.} 10. exf4 {[%emt 0:00:06] [#]} Qf6 $146 ({Predecessor:} 10... Bd6 11. Qd2 Qe7+ 12. Kf1 O-O 13. Re1 Qd8 14. Ne5 Nf6 15. h3 c5 16. dxc5 Bxc5 {0-1 (33) Ferreira,V (2128)-Galperin,P (2518) Chess.com INT 2022}) 11. g3 Bd6 12. O-O g5 13. Qe2+ Kf8 14. Kh1 gxf4 15. Rae1 Nb6 16. Ne5 {[%emt 0:00:20] Against Bg4} Bh3 17. Rg1 f3 18. Nxf3 Bg4 {[%emt 0:00:14] This bishop pair is nice.} 19. Kg2 Kg7 20. Nd1 {[%emt 0:41:00] Weighted Error Value: White=0.13 (very precise) /Black=0.05 (flawless)} 1/2-1/2

[Event "21st Maccabiah GM 2022"]
[Site "?"]
[Date "2022.07.21"]
[Round "8.5"]
[White "Tzidkiya, Yeshaayahu"]
[Black "Smirin, Ilia"]
[Result "1-0"]
[ECO "B43"]
[WhiteElo "2419"]
[BlackElo "2601"]
[Annotator "ChessBase"]
[PlyCount "65"]
[EventDate "2022.07.13"]
[EventType "tourn"]
[EventCountry "ISR"]
[SourceTitle "playchess.com"]
[Source "ChessBase"]
[SourceQuality "1"]
[TimeControl "40/5400+30:1800+30"]

1. e4 c5 2. Nf3 e6 3. d4 cxd4 4. Nxd4 a6 5. Nc3 b5 6. g3 Bb7 7. Bg2 Nf6 8. O-O b4 9. Na4 Bxe4 10. Bxe4 Nxe4 11. c4 Nc5 12. Be3 Nxa4 13. Qxa4 Be7 14. c5 a5 15. Rac1 O-O 16. Rfd1 Qc8 17. Bf4 Bf6 18. Bd6 Rd8 19. Nb5 Bxb2 20. Rc2 Bf6 21. Bc7 Rf8 22. Bd6 Re8 23. Bxb8 Rxb8 24. Nd6 Qc6 25. Qxc6 dxc6 26. Nxe8 Rxe8 27. Rd7 Ra8 28. Rc7 a4 29. Rc4 Bd8 30. Rxc6 Ba5 31. Rd6 b3 32. Rxa4 b2 33. Rb6 1-0

[Event "21st Maccabiah GM 2022"]
[Site "?"]
[Date "2022.07.22"]
[Round "9.1"]
[White "Smirin, Ilia"]
[Black "Dvoirys, Semen I."]
[Result "1/2-1/2"]
[ECO "B46"]
[WhiteElo "2601"]
[BlackElo "2439"]
[Annotator "TA"]
[PlyCount "42"]
[EventDate "2022.07.13"]
[EventType "tourn"]
[EventCountry "ISR"]
[SourceTitle "playchess.com"]
[Source "ChessBase"]
[SourceQuality "1"]
[TimeControl "40/5400+30:1800+30"]

1. e4 c5 2. Nc3 Nc6 3. Nf3 e6 4. d4 cxd4 5. Nxd4 a6 6. f4 Qc7 7. Nxc6 bxc6 8. e5 d6 9. exd6 Bxd6 10. Ne4 Be7 11. Bd3 Nf6 {[%emt 0:00:14] The position is equal.} 12. O-O {[%emt 0:02:02] B46: Sicilian: Taimanov: 5 Nc3 a6.} O-O 13. Ng5 c5 14. Qe2 Bb7 15. c4 Bd6 {[%emt 0:04:24] [#]} 16. b3 $146 ({Predecessor:} 16. Bd2 h6 17. Ne4 Nxe4 18. Bxe4 Bxe4 19. Qxe4 Rae8 20. Bc3 f5 21. Qf3 Be7 22. Rfe1 {½-½ (37) Kruszynski,W (2360)-Doda,Z (2350) Porabka 1986}) 16... Rae8 17. Ne4 Nxe4 18. Bxe4 Bxe4 19. Qxe4 f5 20. Qf3 e5 21. Be3 Qd8 {[%emt 0:58:53] Weighted Error Value: White=0.05 (flawless) /Black=0.05 (flawless)} (21... exf4 $11 {keeps the balance.} 22. Bxf4 Bxf4 23. Qxf4 Qxf4 24. Rxf4 Re2) 1/2-1/2

[Event "21st Maccabiah GM 2022"]
[Site "?"]
[Date "2022.07.22"]
[Round "9.2"]
[White "Kobo, Ori"]
[Black "Tzidkiya, Yeshaayahu"]
[Result "1/2-1/2"]
[ECO "E16"]
[WhiteElo "2534"]
[BlackElo "2419"]
[Annotator "TA"]
[PlyCount "112"]
[EventDate "2022.07.13"]
[EventType "tourn"]
[EventCountry "ISR"]
[SourceTitle "playchess.com"]
[Source "ChessBase"]
[SourceQuality "1"]
[TimeControl "40/5400+30:1800+30"]

1. d4 Nf6 2. c4 e6 3. Nf3 Bb4+ 4. Bd2 a5 5. g3 O-O 6. Bg2 b6 7. O-O Bb7 8. Bf4 Be7 9. Nc3 Ne4 10. Nb5 $1 {[%emt 0:00:11][%mdl 4] outshines the older 10.Qc2. E16: Queen's Indian: 4 g3 Bb7 5 Bg2 Bb4+.} c6 11. Nc7 Ra7 12. Qb3 $1 d6 {[%emt 0:00:52] [#]} 13. c5 $1 Qxc7 14. cxb6 a4 15. bxc7 axb3 16. cxb8=Q Rxb8 17. axb3 Rba8 18. Rxa7 Rxa7 19. Rb1 Ra2 20. Ne1 d5 21. Nd3 g5 22. Be3 {[%emt 0:01:00] [#]} Ba6 $146 ({Predecessor:} 22... Nd6 23. Bd2 Nb5 24. Bb4 Bxb4 25. Nxb4 Ra5 26. e3 Nd6 27. Nd3 Ba6 28. Nc5 Bb5 {½-½ (53) Sargsyan,S (2580)-Shtembuliak,E (2577) New Delhi 2019}) 23. Nc1 $1 Ra5 24. f3 $1 Nd6 25. Bd2 Rb5 26. Ra1 $36 {[%emt 0:05:45][%mdl 2048] Black is under pressure.} Bb7 27. Bf1 {[%emt 0:08:38] Strongly threatening e3.} Rb6 (27... c5 $142) 28. e3 $16 {[%emt 0:02:06] Hoping for Ba5.} Nb5 29. Nd3 f6 30. Rc1 Kf7 31. Ba5 Ra6 32. b4 {[%emt 0:08:26] White is more active.} Bc8 33. Nc5 Bxc5 34. Rxc5 Bd7 35. e4 Ke7 (35... Ra7 $14 {feels stronger.}) 36. Kf2 Be8 37. Ke3 h6 38. Bd3 Bd7 39. Rc1 Ra8 40. Rh1 f5 41. h4 ({White should try} 41. Bb6) 41... f4+ (41... dxe4 $16 42. fxe4 gxh4) 42. gxf4 $18 gxf4+ 43. Kxf4 {[%emt 0:00:09] Rg1 is the strong threat.} Nxd4 {[%emt 0:00:03] [#]} 44. Bb6 {[%emt 0:16:04] A strong pair of Bishops.} ({Better is} 44. Ke3 $1 $18 Nb3 45. Bc7) 44... Rf8+ $1 $14 45. Ke3 Rxf3+ 46. Kxd4 e5+ $1 47. Kxe5 ({Much worse is} 47. Kc3 dxe4 48. Bc5+ Ke6 $17) 47... Rxd3 {[%emt 0:00:03][%mdl 4096] Endgame KRB-KRB} 48. Bc5+ Kd8 49. Rf1 dxe4 $1 50. Kxe4 Rd5 51. Rf8+ Kc7 52. Be3 h5 53. Bf4+ Kb6 {[%emt 0:00:10] The position is equal.} 54. Be5 Bg4 55. Rb8+ Ka7 {[%emt 0:00:14][%cal Od5e5] And now ...Rxe5+! would win.} 56. Rh8 Rd7 {[%emt 0:00:46] Black escapes into a draw.  Weighted Error Value: White=0.12 (very precise) /Black=0.10 (very precise)} 1/2-1/2

[Event "21st Maccabiah GM 2022"]
[Site "?"]
[Date "2022.07.22"]
[Round "9.3"]
[White "Alekseev, Evgeny"]
[Black "Parkhov, Yair"]
[Result "1/2-1/2"]
[ECO "C42"]
[WhiteElo "2601"]
[BlackElo "2468"]
[Annotator "TA"]
[PlyCount "66"]
[EventDate "2022.07.13"]
[EventType "tourn"]
[EventCountry "ISR"]
[SourceTitle "playchess.com"]
[Source "ChessBase"]
[SourceQuality "1"]
[TimeControl "40/5400+30:1800+30"]

1. e4 e5 2. Nf3 Nf6 3. Nxe5 d6 4. Nf3 Nxe4 5. d4 d5 6. Bd3 Bd6 7. O-O O-O 8. c4 c6 9. Re1 Bf5 10. Qb3 Qd7 {[%emt 0:00:00] C42: Petroff Defence: 3 Nxe5 and unusual White 3rd moves.} 11. Nc3 dxc4 12. Bxc4 Nxc3 {[%emt 0:00:00] White is slightly better.} 13. bxc3 {[%emt 0:02:55] Black must now prevent Ba3.} b5 14. Bf1 {[%emt 0:03:40] [#]} Be6 $146 ({Predecessor:} 14... h6 15. Ba3 Be6 16. Rxe6 Bxa3 17. Ree1 Qd6 18. Ne5 g5 19. Rad1 Kg7 20. d5 Bc5 21. dxc6 Qf6 22. Qb2 Re8 23. Ng4 Rxe1 24. Nxf6 Rxd1 25. Nh5+ Kf8 26. Qxb5 {1-0 (26) Altieri,C (1867)-Pietro,R (1637) ICCF email 2014}) 15. Qc2 h6 16. a4 Bf5 17. Qb3 Be6 18. Qc2 (18. Qb1 $14) 18... Bf5 $1 $16 {[%emt 0:00:00] [#]} 19. Bd3 ({White should try} 19. Qd1 $1 $16) 19... Bxd3 $11 20. Qxd3 bxa4 21. Qc2 Re8 22. Rxe8+ (22. Rd1 {looks sharper.} Qe6 23. Bd2 Qb3 24. Qd3) 22... Qxe8 {[%emt 0:00:00] The position is equal.} 23. Qxa4 Qc8 24. Be3 Nd7 25. Qa6 Qxa6 26. Rxa6 Nb8 $1 27. Ra2 a5 28. c4 Nd7 29. Bd2 a4 30. c5 Bc7 31. Kf1 Nf6 32. Ke2 ({Reject} 32. Ne5 Bxe5 33. dxe5 Nd7 $17) 32... Nd5 33. g3 f5 {[%emt 0:00:00] Weighted Error Value: White=0.12 (very precise) /Black=0.03 (flawless)} 1/2-1/2

[Event "21st Maccabiah GM 2022"]
[Site "?"]
[Date "2022.07.22"]
[Round "9.4"]
[White "Gruenfeld, Yehuda"]
[Black "Yarmonov, Igor"]
[Result "1-0"]
[ECO "B19"]
[WhiteElo "2426"]
[BlackElo "2372"]
[Annotator "TA"]
[PlyCount "83"]
[EventDate "2022.07.13"]
[EventType "tourn"]
[EventCountry "ISR"]
[SourceTitle "playchess.com"]
[Source "ChessBase"]
[SourceQuality "1"]
[TimeControl "40/5400+30:1800+30"]

1. e4 c6 2. d4 d5 3. Nc3 dxe4 4. Nxe4 Bf5 5. Ng3 Bg6 6. h4 h6 7. Nf3 Nd7 8. h5 Bh7 9. Bd3 Bxd3 10. Qxd3 e6 11. Bf4 Qa5+ 12. Bd2 Qc7 13. O-O-O Ngf6 14. Qe2 O-O-O 15. Ne5 Nb6 16. Ba5 Bd6 (16... c5 $11) 17. Kb1 {[%emt 0:07:51] B19: Classical Caro-Kann: 4...Bf5 main line.} c5 18. c4 $1 Kb8 19. dxc5 {[%emt 0:15:51] White is better.} Bxc5 20. Nd3 {[%emt 0:07:04] [#]} Qc6 $146 ({Predecessor:} 20... Qe7 21. b3 Bd6 22. Ne4 Nxe4 23. Qxe4 Bc7 24. Bc3 Rhg8 25. f4 Ka8 26. g4 Qd7 27. Kc2 f5 {1-0 (40) Barthel,A (2230)-Hirschinger,T (2080) Mehlingen 1997}) 21. b3 Bd6 22. Ne5 Bxe5 23. Qxe5+ Ka8 24. f3 Rd7 (24... Nbd7 $14 25. Qc7 Qxc7 26. Bxc7 Rc8) 25. Ne2 Rhd8 26. Nd4 ({White should try} 26. Rd4 $16) 26... Qc8 (26... Qd6 $11 27. Qxd6 Rxd6) 27. Rd2 $16 Qb8 28. Qxb8+ Kxb8 29. Rhd1 {[%emt 0:00:34] And now c5 would win.} e5 30. Nf5 {[%emt 0:01:01] Black must now prevent Nd6.} Nxh5 31. Nd6 (31. Rxd7 $16 Rxd7 32. Rh1) 31... Rg8 $11 32. c5 {[%emt 0:12:42][%mdl 1024] White has compensation.} Nc8 33. Nc4 Re7 {[%emt 0:00:19] [#]} (33... Rxd2 $11 {remains equal.} 34. Rxd2 (34. Bxd2 f6 $11) 34... f6) 34. Rd7 ({Better is} 34. Rd8 $1 $16 Ree8 {[#]} 35. Nxe5 $1 ) 34... Nf6 (34... Rxd7 $14 35. Rxd7 f6) 35. Bc7+ $1 $16 Ka8 36. Rxe7 {[%emt 0:00:23] White is much more active.} Nxe7 37. Bxe5 Nfd5 38. Kb2 b6 39. c6 (39. cxb6 $142 Nxb6 40. Nxb6+ axb6 41. Rd7) 39... Rc8 40. c7 Nxc7 $2 (40... b5 $16) 41. Rd7 $18 Ned5 42. Bxc7 {[%emt 0:02:45] Weighted Error Value: White=0.17 (very precise) /Black=0.41} ({Not} 42. Rxf7 Ne6 $16) ({Less strong is} 42. Bxg7 Rg8 $14) 1-0

[Event "21st Maccabiah GM 2022"]
[Site "?"]
[Date "2022.07.22"]
[Round "9.5"]
[White "Postny, Evgeny"]
[Black "Ginsburg, Gennadi"]
[Result "1-0"]
[ECO "E06"]
[WhiteElo "2564"]
[BlackElo "2400"]
[Annotator "TA"]
[PlyCount "79"]
[EventDate "2022.07.13"]
[EventType "tourn"]
[EventCountry "ISR"]
[SourceTitle "playchess.com"]
[Source "ChessBase"]
[SourceQuality "1"]
[TimeControl "40/5400+30:1800+30"]

1. Nf3 d5 2. c4 e6 3. g3 c5 4. Bg2 Nc6 5. O-O Nf6 6. d4 Be7 7. dxc5 Bxc5 8. a3 Ne4 {[%emt 0:00:30] E06: Closed Catalan: Early deviations.} (8... dxc4 $11 9. Qxd8+ Nxd8) 9. Qc2 O-O {[%emt 0:00:30] [#]} 10. e3 $146 (10. b4 {is interesting.} Qf6 11. Ra2 Bb6 12. e3) ({Predecessor:} 10. b4 Qf6 11. Bb2 Bd4 12. Nxd4 Nxd4 13. Bxd4 Qxd4 14. Ra2 f5 15. cxd5 exd5 16. e3 Qb6 17. Qd3 Be6 18. Rc2 {½-½ (18) Lima,D-Wojtkiewicz,A Hastings 1988}) 10... Qe7 {[%emt 0:00:30] White is slightly better.} 11. b4 Bb6 12. Bb2 Rd8 13. Rd1 h6 14. Nc3 Nf6 15. cxd5 exd5 16. Na4 Bg4 17. Nxb6 axb6 18. h3 Bxf3 19. Bxf3 Qe6 20. Bg2 Ne4 21. Qe2 Ne5 22. Bd4 Nc4 23. a4 Rd6 24. Qg4 Qxg4 25. hxg4 Re8 26. Ra2 Ne5 27. b5 Nf6 (27... Nxg4 $16 {might work better.} 28. Rc2 (28. f3 Nxe3 29. Bxe3 Nc3 $11) 28... Ng5) 28. Rc2 $18 Ned7 29. Rc7 Ra8 30. Ra1 Nxg4 $2 {[%emt 0:00:30] [#]} (30... Rb8 31. a5 Ne8) 31. Rxb7 Nge5 32. Rc7 {[%emt 0:00:30] Against Rc8} Kf8 33. Bc3 {[%emt 0:00:30] This bishop pair is nice.} Nd3 {[%emt 0:00:30] Against Bb4} 34. Rc6 Ke7 35. Bxg7 N7c5 36. Bxh6 Rxc6 37. bxc6 Rxa4 $2 (37... Kd6 {is a better defense.} 38. c7 f6) 38. Rxa4 Nxa4 39. Bxd5 {[%emt 0:00:30] [#] Hoping for c7.} Ne5 (39... b5 $142 40. c7 Nb6) 40. Bg7 {[%emt 0:00:30] Weighted Error Value: White=0.11 (very precise) /Black=0.28 (precise)} 1-0